 Dungeon Crawl Stone Soup version 0.19.5 (webtiles) character file.

245 Idilia the Conjurer (level 5, -1/31 HPs)
             Began as a High Elf Conjurer on Apr 2, 2017.
             Killed from afar by a dart slug (3 damage)
             ... with a slug dart
             ... on level 4 of the Dungeon.
             The game lasted 00:44:24 (4698 turns).

Idilia the Conjurer (High Elf Conjurer)             Turns: 4698, Time: 00:44:24

Health: -1/31      AC:  3    Str:  7    XL:     5   Next: 83%
Magic:  2/11       EV: 12    Int: 20    God:
Gold:   178        SH:  0    Dex: 15    Spells: 3 memorised, 5 levels left

rFire  . . .     SeeInvis .     w - +0 great sword
rCold  + . .     Gourm    .     o - +0 leather armour {rC+}
rNeg   . . .     Faith    .     (shield currently unavailable)
rPois  .         Spirit   .     (no helmet)
rElec  .         Reflect  .     (no cloak)
rCorr  .         Harm     .     (no gloves)
MR     .....                    (no boots)
Stlth  ++........               (no amulet)
                                (no ring)
                                (no ring)

@: no status effects
A: no striking features
a: no special abilities


You were on level 4 of the Dungeon.
You were not hungry.

You visited 1 branch of the dungeon, and saw 4 of its levels.

You collected 178 gold pieces.

Inventory:

Hand Weapons
 j - a +0 mace
 w - a +0 great sword (weapon)
Missiles
 f - 227 stones (quivered)
 h - 17 poisoned needles
 i - 107 arrows
 p - 11 bolts
 t - 21 sling bullets
Armour
 a - a +0 robe
 o - a +0 leather armour of cold resistance (worn)
Scrolls
 g - 6 scrolls of identify {unknown}
 n - 2 scrolls of recharging {unknown}
 s - a scroll of random uselessness {unknown}
Potions
 e - a potion of cure mutation {unknown}
 k - a potion of brilliance {unknown}
 l - a potion of flight {unknown}
 m - 3 potions of curing {unknown}
 q - a potion of invisibility {unknown}
 v - a potion of might {unknown}
Books
 b - a book of Conjurations

   Spells                             Type                      Level
   a - Magic Dart                     Conjuration                  1
   b - Searing Ray                    Conjuration                  2
   c - Dazzling Spray                 Conjuration/Hexes            3
   d - Fulminant Prism                Conjuration/Hexes            4
   e - Iskenderun's Mystic Blast      Conjuration                  4
   f - Iskenderun's Battlesphere      Conjuration/Charms           5
Comestibles
 c - 2 bread rations
 d - a slice of pizza
 r - a fruit
 u - 3 chunks of flesh


   Skills:
 + Level 0.5 Long Blades
 + Level 0.2 Maces & Flails
 + Level 1.5 Armour
 + Level 2.4 Dodging
 + Level 3.3 Stealth
 + Level 3.8 Spellcasting
 + Level 6.2 Conjurations


You had 5 spell levels left.
You knew the following spells:

 Your Spells              Type           Power        Failure   Level  Hunger
a - Magic Dart            Conj           ####         1%          1    None
b - Searing Ray           Conj           ####..       2%          2    ##.....
c - Dazzling Spray        Conj/Hex       ###...       17%         3    ###....


Dungeon Overview and Level Annotations

Branches:
Dungeon (4/15)
 Temple: D:4-7

Altars:
Uskayaw
Xom
Yredelemnul


Message History

The iguana is almost dead.
The iguana bites you.
The searing ray misses the iguana.
The searing ray hits the leopard gecko.
You kill the leopard gecko!
You finish channeling your searing ray.
The iguana bites you!
* * * LOW HITPOINT WARNING * * *
The dart slug launches a dart at you. The slug dart hits you!
* * * LOW HITPOINT WARNING * * *
Casting: Searing Ray
Confirm with . or Enter, or press ? or * to list all spells.
Aiming: Searing Ray
Press: ? - help, Shift-Dir - straight line, f/p - iguana
Aim: an iguana (almost dead)
The searing ray hits the iguana.
You kill the iguana! (Press . to maintain the ray.)
The dart slug launches a dart at you. The slug dart hits you!
You die...

##...........#
.........###.# #.......#
#.# ##.......# #.#
#####........###.######
##.............w.......#
###......................#
#................>.......#
#........รท@####..........#
.#####...>......#
#..........#
#...............#
#..........# ####.........#
#.......[..# #<).......#
#..........#
................#
#..........#
#######.........#
#..........# #.........#
############ #.........#


You could see a dart slug.

Vanquished Creatures
  A phantom (D:4)
  An iguana (D:4)
  A worker ant (D:4)
  2 adders
  4 worms
  3 dart slugs (D:1)
  4 leopard geckos
  4 orcs
  4 bats
  11 giant cockroaches (D:3)
  4 goblins
  10 hobgoblins
  3 quokkas
  5 frilled lizards
  3 kobolds
  8 rats
68 creatures vanquished.

Notes
Turn   | Place    | Note
-------+----------+-------------------------------------------
     0 | D:1      | Idilia the High Elf Conjurer began the quest for the Orb.
     0 | D:1      | Reached XP level 1. HP: 11/11 MP: 4/4
   508 | D:1      | Reached XP level 2. HP: 17/17 MP: 1/6
   925 | D:1      | Reached skill level 5 in Conjurations
  1349 | D:2      | Reached XP level 3. HP: 21/21 MP: 5/8
  1456 | D:2      | Learned a level 2 spell: Searing Ray
  1460 | D:2      | Learned a level 3 spell: Dazzling Spray
  1764 | D:2      | Found a faded altar of an unknown god.
  2145 | D:2      | Found a shimmering altar of Xom.
  2596 | D:2      | Found a basalt altar of Yredelemnul.
  2596 | D:2      | Found a faded altar of an unknown god.
  2604 | D:2      | Found a faded altar of an unknown god.
  2607 | D:2      | Found a hide-covered altar of Uskayaw.
  2609 | D:2      | Found a faded altar of an unknown god.
  3338 | D:3      | Reached XP level 4. HP: 27/27 MP: 5/9
  4256 | D:4      | Noticed a phantom
  4515 | D:4      | Killed a phantom
  4515 | D:4      | Reached skill level 1 in Armour
  4515 | D:4      | Reached skill level 6 in Conjurations
  4515 | D:4      | Reached XP level 5. HP: 31/31 MP: 2/11
  4698 | D:4      | Killed from afar by a dart slug

Skill      XL: |  1  2  3  4 |
---------------+-------------+-----
Conjurations   | 5 6 |  6.2
Spellcasting   | 3 |  3.8
Stealth        | 3 |  3.3
Armour         | 1 |  1.5
Long Blades    | |  0.5
Maces & Flails | |  0.2
Dodging        | |  2.4

Action                   |  1- 3 |  4- 6 || total
-------------------------+-------+-------++-------
Melee: Unarmed           |     2 |       ||     2
       Mace              |     6 |       ||     6
       Great sword       |       |     2 ||     2
 Cast: Magic Dart        |    89 |    52 ||   141
       Searing Ray       |     6 |     5 ||    11
       Dazzling Spray    |     1 |     1 ||     2
  Eat: Chunk             |     3 |       ||     3
       Meat ration       |     1 |     1 ||     2
Armor: Robe              |     1 |       ||     1
       Leather armour    |     3 |       ||     3
Dodge: Dodged            |    15 |    11 ||    26
       Rpst.: Great sword |       |     4 ||     4
